 Dungeon Crawl Stone Soup version 0.16.2-2-g470672f (webtiles) character file.

128 alemelonz the Skirmisher (level 4, -2/37 HPs)
             Began as a Demonspawn Berserker on Aug 31, 2015.
             Was a Believer of Trog.
             Slain by an orc wizard
             ... wielding a +2 dagger of venom
              (3 damage)
             ... on level 3 of the Dungeon.
             The game lasted 00:04:46 (2057 turns).

alemelonz the Skirmisher (Demonspawn Berserker)     Turns: 2057, Time: 00:04:48

Health: -2/37      AC:  3    Str: 17    XL:     4   Next: 87%
Magic:  4/4        EV: 13    Int:  9    God:    Trog [**....]
Gold:   132        SH:  0    Dex: 13    Spells: 0 memorised, 3 levels left

rFire  . . .     SeeInvis .     a - +0 hand axe
rCold  . . .     Clarity  .     b - +0 animal skin
rNeg   . . .     SustAb   .     (no shield)
rPois  .         Gourm    .     (helmet restricted)
rElec  .         Spirit   .     (no cloak)
rCorr  .         Warding  .     (no gloves)
rMut   .         Stasis   .     (no boots)
MR     .....                    (no amulet)
Stlth  +.........               (no ring)
                                (no ring)

@: lethally poisoned (-2 -> -22), not resistant to hostile enchantments, very
unstealthy
A: horns 2, icy blue scales 1
a: Burn Spellbooks, Berserk, Trog's Hand, Renounce Religion


You were on level 3 of the Dungeon.
You worshipped Trog.
Trog was pleased with you.
You were not hungry.

You visited 1 branch of the dungeon, and saw 3 of its levels.

You collected 132 gold pieces.

Inventory:

Hand weapons
 a - a +0 hand axe (weapon)
Armour
 b - a +0 animal skin (worn)
Scrolls
 e - a scroll of magic mapping {unknown}
 f - 2 scrolls of identify {unknown}
 h - a scroll of immolation {unknown}
 k - a scroll of enchant armour {unknown}
 l - a scroll of blinking {unknown}
Potions
 d - 3 potions of invisibility {unknown}
 i - a potion of magic {unknown}
 o - a potion of haste {unknown}
Comestibles
 c - a bread ration
 j - a meat ration
 m - a beef jerky
 n - 2 fruits


   Skills:
 + Level 3.8 Fighting
 + Level 3.5 Axes
 + Level 1.9 Armour
 + Level 3.3 Dodging


You had 3 spell levels left.
You didn't know any spells.

Dungeon Overview and Level Annotations

Branches:
Dungeon (3/15)

Altars:
Makhleb
Ru


Innate Abilities, Weirdness & Mutations

You have a pair of horns on your head.
You are partially covered in icy blue scales (AC +1).


Message History

The magic dart hits you!
You hear some strange, mumbled words.
The puff of flame hits you!
* * * LOW HITPOINT WARNING * * *
Things that are here:
a club; a scale mail You closely miss something.
Your headbutt misses something. Something hits you but does no damage.
You barely miss something. Something hits you but does no damage.
You are poisoned.
Something hits you.
* * * LOW HITPOINT WARNING * * *
You are lethally poisoned!
You closely miss something. Your headbutt misses something.
* * * LOW HITPOINT WARNING * * *
You feel sick. Something hits you.
* * * LOW HITPOINT WARNING * * *
You are more poisoned.
Something hits you.
You die...

....+..._...).#.#
....#≈≈≈.≈≈≈#..##
#..##≈≈≈.≈≈≈#.#.#
#..###≈≈.≈≈##.##.
#..# ###'####.##.
## #.(# #..#
#.##. .. #..#
#.## #.##.
#.##).####.#
#.##.
#.{@..(...(#
#.##.
#.###...####
#.##. # #...#
#.### #..... #.#
..#..#.#
......#.# ##.##.#
# #. ... . ... .


There were no monsters in sight!

Vanquished Creatures
  An orc wizard (D:3)
  4 adders
  2 giant mites (D:1)
  A worm (D:2)
  A giant gecko (D:2)
  2 orcs (D:3)
  2 ball pythons (D:1)
  A bat zombie (D:3)
  3 giant cockroaches
  3 hobgoblins
  2 jackals
  3 bats
  4 giant newts
  9 goblins
  5 kobolds
  9 rats
52 creatures vanquished.

Notes
Turn   | Place    | Note
--------------------------------------------------------------
     0 | D:1      | alemelonz, the Demonspawn Berserker, began the quest for the Orb.
     0 | D:1      | Reached XP level 1. HP: 18/18 MP: 1/1
   203 | D:1      | Gained mutation: You are partially covered in icy blue scales (AC +1). [demonic ancestry]
   203 | D:1      | Reached XP level 2. HP: 24/24 MP: 2/2
   402 | D:1      | Acquired Trog's second power
   560 | D:2      | Gained mutation: You have a pair of small horns on your head. [demonic ancestry]
   560 | D:2      | Reached XP level 3. HP: 29/29 MP: 3/3
   799 | D:2      | Found a sacrificial altar of Ru.
  1251 | D:2      | Gained mutation: You have a pair of horns on your head. [demonic ancestry]
  1251 | D:2      | Reached XP level 4. HP: 20/35 MP: 4/4
  2007 | D:3      | Found a burning altar of Makhleb.
  2057 | D:3      | HP: 1/37 [something (3)]
  2057 | D:3      | Slain by an orc wizard

Action                   |  1- 3 |  4- 6 || total
-------------------------+-------+-------++-------
Melee: Hand axe          |   115 |    85 ||   200
  Use: Potion            |     3 |     1 ||     4
  Eat: Meat ration       |     1 |       ||     1
